 Dungeon Crawl Stone Soup version 0.17.1-2-g5865329 (webtiles) character file.

188 Moresty the Cudgeler (level 5, 0/45 HPs)
             Began as a Minotaur Berserker on Jan 15, 2016.
             Was a Priest of Trog.
             Slain by an ogre
             ... wielding a +0 giant spiked club
              (15 damage)
             ... on level 4 of the Dungeon.
             The game lasted 00:03:00 (3107 turns).

Moresty the Cudgeler (Minotaur Berserker)           Turns: 3107, Time: 00:03:00

Health: 0/45       AC:  5    Str: 23    XL:     5   Next: 39%
Magic:  4/4        EV:  6    Int:  4    God:    Trog [***...]
Gold:   96         SH:  0    Dex:  9    Spells: 0 memorised, 4 levels left

rFire  . . .     SeeInvis .     a - +0 mace
rCold  . . .     Clarity  .     e - +0 ring mail
rNeg   . . .     SustAt   .     (no shield)
rPois  .         Gourm    .     (helmet restricted)
rElec  .         Spirit   .     (no cloak)
rCorr  .         Warding  .     (no gloves)
rMut   .         Stasis   .     (no boots)
MR     +....                    (no amulet)
Stlth  ..........               l - ring of protection from magic
                                (no ring)

@: somewhat resistant to hostile enchantments, extremely unstealthy
A: retaliatory headbutt, horns 2
a: Berserk, Trog's Hand, Burn Spellbooks, Renounce Religion


You were on level 4 of the Dungeon.
You worshipped Trog.
Trog was most pleased with you.
You were not hungry.

You visited 1 branch of the dungeon, and saw 4 of its levels.

You collected 96 gold pieces.

Inventory:

Hand Weapons
 a - a +0 mace (weapon)
 v - a +0 flail
Armour
 b - a +0 animal skin
 e - a +0 ring mail (worn)
Jewellery
 i - an uncursed ring of loudness
 l - a ring of protection from magic (right hand)
 p - a cursed ring of loudness
Scrolls
 d - 4 scrolls of identify
 h - 2 scrolls of remove curse
 j - 2 scrolls of amnesia {unknown}
 k - 2 scrolls of magic mapping {unknown}
 m - a scroll of fog {unknown}
 s - a scroll of teleportation {unknown}
 t - a scroll of random uselessness {unknown}
Potions
 g - 4 potions of curing
 n - a potion of brilliance {unknown}
 o - a potion of poison {unknown}
Books
 r - a book of Air

   Spells                             Type                      Level
   a - Shock                          Conjuration/Air              1
   b - Swiftness                      Charms/Air                   2
   c - Repel Missiles                 Charms/Air                   2
   d - Static Discharge               Conjuration/Air              3
   e - Lightning Bolt                 Conjuration/Air              5
   Trog disapproves of the use of such an item.
Comestibles
 c - 2 bread rations
 f - a slice of pizza
 q - 2 meat rations
 u - a chunk of flesh


   Skills:
 - Level 3.6 Fighting
 + Level 7.4 Maces & Flails
 - Level 2.4 Armour
 - Level 2.1 Dodging


You had 4 spell levels left.
You didn't know any spells.

Dungeon Overview and Level Annotations

Branches:
Dungeon (4/15)
 Temple: D:4-7

Altars:
Ru


Innate Abilities, Weirdness & Mutations

You reflexively headbutt those who attack you in melee.
You have a pair of horns on your head.


Message History

You sock the orc!
You kill the orc!
Trog accepts your kill.
You hit the ogre but do no damage.
The orc wizard casts a spell.
The orc wizard blinks!
The ogre barely misses you. You furiously retaliate!
You headbutt the ogre. You hit the ogre.
The ogre is moderately wounded.
The ogre hits you with a giant spiked club!!
Ouch! That really hurt!
You hit the ogre.
The ogre is heavily wounded.
The orc wizard gestures wildly while chanting.
The orc wizard blinks!
You thump the ogre!
The ogre is severely wounded.
The ogre closely misses you.
The ogre hits you with a giant spiked club!
You die...

....# .o.. #
#....# ##..#.
....
.######..######.
................
#@......#
##O####.#
.......[.....>.
#######.####...
#.# #.. ... ...
####


You could see an ogre and an orc wizard.

Vanquished Creatures
  An orc priest (D:4)
  A worker ant (D:3)
  6 adders
  4 worms
  8 orcs
  A ball python (D:3)
  8 bats
  3 goblins (D:2)
  7 hobgoblins
  2 giant geckos
  4 giant newts
  4 jackals (D:2)
  7 kobolds
  7 rats
63 creatures vanquished.

Notes
Turn   | Place    | Note
--------------------------------------------------------------
     0 | D:1      | Moresty the Minotaur Berserker began the quest for the Orb.
     0 | D:1      | Reached XP level 1. HP: 19/19 MP: 0/0
   106 | D:1      | Reached skill level 4 in Maces & Flails
   695 | D:1      | Reached XP level 2. HP: 24/26 MP: 1/1
   794 | D:2      | Reached skill level 5 in Maces & Flails
   794 | D:2      | Reached XP level 3. HP: 26/31 MP: 2/2
   916 | D:2      | Reached ** piety under Trog
  1205 | D:2      | Reached XP level 4. HP: 39/39 MP: 3/3
  1206 | D:2      | Reached skill level 6 in Maces & Flails
  2122 | D:3      | Reached XP level 5. HP: 30/45 MP: 4/4
  2170 | D:3      | Reached *** piety under Trog
  2459 | D:3      | Reached skill level 7 in Maces & Flails
  2753 | D:3      | Found a sacrificial altar of Ru.
  2956 | D:4      | Noticed an ogre
  3107 | D:4      | Slain by an ogre

Action                   |  1- 3 |  4- 6 || total
-------------------------+-------+-------++-------
Melee: Mace              |    69 |    78 ||   147
  Use: Scroll            |       |     2 ||     2
  Eat: Chunk             |     1 |     6 ||     7
